 Dungeon Crawl Stone Soup version 0.27-a0-364-g31b3477 (webtiles) character file.

Game seed: 13708055018811918551

112 MrTaco21 the Cudgeller (level 4, 0/28 HPs)
             Began as a Gargoyle Fighter on Feb 16, 2021.
             Slain by a river rat (2 damage)
             ... on level 3 of the Dungeon.
             The game lasted 00:01:46 (1903 turns).

MrTaco21 the Cudgeller (Gargoyle Fighter)           Turns: 1903, Time: 00:01:46

Health: 0/28       AC: 10    Str: 21    XL:     4   Next: 93%
Magic:  4/4        EV:  7    Int:  8    God:
Gold:   63         SH:  9    Dex:  9    Spells: 3/3 levels left

rFire    . . .     SeeInvis .   a - +0 flail
rCold    . . .     Faith    .   c - +0 kite shield
rNeg     + . .     Spirit   .   b - +0 scale mail
rPois    ∞         Reflect  .   (no helmet)
rElec    +         Harm     .   (no cloak)
rCorr    .         Rampage  .   (no gloves)
Will     .....                  (no boots)
Stlth    ..........             e - amulet of magic regeneration
HPRegen  0.09/turn              (no ring)
MPRegen  0.34/turn              (no ring)

@: no status effects
A: negative energy resistance 1, electricity resistance, unbreathing,
petrification resistance, miasma immunity, AC +3
a: no special abilities


You were on level 3 of the Dungeon.
You visited 1 branch of the dungeon, and saw 3 of its levels.

You collected 63 gold pieces.

Inventory:

Hand Weapons
 a - a +0 flail (weapon)
Armour
 b - a +0 scale mail (worn)
 c - a +0 kite shield (worn)
Jewellery
 e - an amulet of magic regeneration (around neck)
   (You found it on level 2 of the Dungeon)
Scrolls
 f - a scroll of magic mapping {unknown}
 i - 2 scrolls of identify {unknown}
 j - 2 scrolls of fear {unknown}
Potions
 d - 3 potions of might
 g - a potion of flight {unknown}
 h - a potion of mutation {unknown}
 k - a potion of brilliance {unknown}


   Skills:
 - Level 3.2 Fighting
 + Level 4.9 Maces & Flails
 - Level 3.2 Armour
 - Level 3.2 Shields


You had 3 spell levels left.
You didn't know any spells.
Your spell library was empty.

Dungeon Overview and Level Annotations

Branches:
Dungeon (3/15)

Altars:
Sif Muna
Xom


Innate Abilities, Weirdness & Mutations

You are resistant to torment.
Your stone body is resilient. (AC +3)
You are immune to poison.
You resist negative energy. (rN+)
You are resistant to electric shocks. (rElec)
You can survive without breathing.
You are immune to petrification.
You are immune to miasma.


Message History

Unknown command.
You hit the giant cockroach but do no damage.
You block the giant cockroach's attack.
Unknown command.
You hit the giant cockroach but do no damage.
The giant cockroach bites you but does no damage.
The giant cockroach barely misses you.
Unknown command.
You barely miss the giant cockroach.
The giant cockroach completely misses you.
You block the giant cockroach's attack.
Unknown command.
You hit the giant cockroach but do no damage.
The giant cockroach bites you but does no damage.
The giant cockroach completely misses you.
Unknown command.
You hit the giant cockroach.
You kill the giant cockroach!
Unknown command.
The river rat barely misses you. You block the river rat's attack.
Things that are here:
a river rat corpse; an adder corpse Unknown command.
You sock the river rat!
The river rat bites you but does no damage. x2
The river rat barely misses you.
Unknown command.
You barely miss the river rat. The river rat barely misses you.
You block the river rat's attack.
Unknown command.
You hit the river rat but do no damage.
The river rat bites you but does no damage. x2
You block the river rat's attack.
Unknown command.
You hit the river rat.
The river rat bites you but does no damage.
The river rat barely misses you. The river rat bites you.
* * * LOW HITPOINT WARNING * * *
You hit the river rat.
You kill the river rat!
The river rat bites you but does no damage.
You block the rat's attack.
Unknown command.
You closely miss the rat. You block the river rat's attack.
The rat bites you but does no damage. The river rat bites you.
* * * LOW HITPOINT WARNING * * *
You hit the rat. The rat bites you.
* * * LOW HITPOINT WARNING * * *
The river rat bites you.
You die...

#............##
#.......####..#
#).†..........#
#....#######..#
#....# ### #..#
#....#######..#
##.#..'.._..'..#
#..#..###.###..####
..###.# #.# #..r@.#
###
#.###+###..##r.# #
#..........###.# #
#######....# .#
#....r....#
#....r...≈#
#....≈≈..≈#
##..≈≈≈≈≈≈#
#..≈≈#+#+#


You could see a river rat and a rat.

Vanquished Creatures
  3 river rats (D:3)
  3 adders
  2 dart slugs (D:1)
  2 leopard geckos
  7 bats
  4 giant cockroaches
  6 goblins
  8 hobgoblins
  A frilled lizard (D:3)
  10 kobolds
  4 rats
50 creatures vanquished.

Vanquished Creatures (others)
  5 fungi (D:3)
  4 plants (D:3)
9 creatures vanquished.

Grand Total: 59 creatures vanquished

Notes
Turn   | Place    | Note
-------+----------+-------------------------------------------
     0 | D:1      | MrTaco21 the Gargoyle Fighter began the quest for the Orb.
     0 | D:1      | Reached XP level 1. HP: 14/14 MP: 1/1
   234 | D:1      | Reached XP level 2. HP: 19/19 MP: 2/2
   521 | D:1      | Reached skill level 3 in Maces & Flails
   943 | D:1      | Reached XP level 3. HP: 23/23 MP: 3/3
  1385 | D:2      | Reached skill level 4 in Maces & Flails
  1429 | D:2      | Found a shimmering altar of Xom.
  1474 | D:2      | Reached XP level 4. HP: 28/28 MP: 4/4
  1850 | D:3      | Found a shimmering blue altar of Sif Muna.
  1903 | D:3      | Slain by a river rat

Illustrated notes

Levels and vault maps discovered:
D:1:      matt_arrival_los_fun, layout_basic, hangedman_glass_teeth,
          minivault_25, minmay_stone_trees_small, minmay_crystal_room
D:2:      layout_basic, marbit_many_paths
D:3:      layout_rooms, lemuel_doored_altar, fedhas_altar_3,
          nzn_wu_jian_contemplation, portal_sewer_entry_e,
          uniq_crazy_yiuf_cottage

Skill      XL: |  1  2  3 |
---------------+----------+-----
Maces & Flails | 3 4 |  4.9
Fighting       | |  3.2
Armour         | |  3.2
Shields        | |  3.2

Action                   |  1- 3 |  4- 6 || total
-------------------------+-------+-------++-------
Melee: Flail             |   146 |    57 ||   203
Armor: Scale mail        |    98 |    45 ||   143
Dodge: Dodged            |    58 |    36 ||    94
Block: Kite shield       |    84 |    42 ||   126

Table legend: (Time is in decaauts)
 A = Elapsed time spent in this place.
 B = Non-inter-level travel time spent in this place.
 C = Inter-level travel time spent in this place.
 D = Time resting spent in this place.
 E = Time spent auto-exploring this place.
 F = Levels seen in this place.
 G = Mean time per level.
                   A        B        C        D        E       F      G
               +--------+--------+--------+--------+--------+-----+--------+
         Total |   1994 |   1933 |     61 |      0 |   1499 |   3 |  664.7 |
       Dungeon |   1994 |   1933 |     61 |      0 |   1499 |   3 |  664.7 |
               +--------+--------+--------+--------+--------+-----+--------+

Top non-repeatable levels by time:
     D:1: 1178 daAuts
     D:2: 579 daAuts
     D:3: 236 daAuts
